Map: Fields of Shazir

Players

gLMudis

  • Race: Terran Terran
  • Spawn Location: 3:00

ggWUTLOL

  • Race: Protoss Protoss
  • Spawn Location: 3:00

Reservkatt

  • Race: Protoss Protoss
  • Spawn Location: 5:00

Loken - Winner!

  • Race: Protoss Protoss
  • League: Platinum
  • Spawn Location: 7:00

dallaskuken - Winner!

  • Race: Protoss Protoss
  • League: Platinum
  • Spawn Location: 9:00

Myran - Winner!

  • Race: Protoss Protoss
  • Spawn Location: 9:00

VOD

Have the link to the VOD?

Description

Time

  • Played on: March 14, 2017, 6:43 p.m.
  • Length: 11:15
Show
View Real Time Build Order
Export as new Build Order

gLMudis Terran 

Build Orders: MMM Bio 

Get SALT Encoding   

  12  0:01  SCV  
  13  0:13  SCV  
  14  0:18  Supply Depot  
  14  0:26  SCV  
  15  0:42  Barracks  
  15  0:44  SCV  
  16  0:57  SCV  
  17  1:09  SCV  
  18  1:23  SCV  
  19  1:29  Marine  
  20  1:35  Orbital Command  
  20  1:40  Supply Depot  
  20  1:47  Marine  
  20  1:53  Command Center  
  21  2:01  SCV  
  21  2:02  Refinery  
  21  2:05  Marine  
  23  2:17  Bunker  
  23  2:18  SCV  
  23  2:21  Refinery  
  24  2:24  Marine  
  25  2:31  SCV  
  26  2:43  SCV  
  27  2:44  Supply Depot  
  27  2:49  Barracks Tech Lab  
  27  2:50  Engineering Bay  
  27  2:56  SCV  
  28  3:04  Bunker  
  29  3:07  Orbital Command  
  29  3:08  SCV  
  29  3:12  Stimpack  
  29  3:21  Factory  
  29  3:24  Marine  
  29  3:26  SCV  
  31  3:36  SCV  
  31  3:38  SCV  
  33  3:42  Marine  
  34  3:48  SCV  
  35  3:57  Missile Turret  
  35  3:58  SCV  
  35  4:00  Marine  
  37  4:04  Factory Tech Lab  
  37  4:06  Missile Turret  
  37  4:08  Starport  
  37  4:11  SCV x2  
  39  4:18  Marine  
  40  4:27  Siege Tank  
  43  4:36  Marine  
  44  4:39  Supply Depot  
  44  4:42  Bunker  
  44  4:44  Bunker  
  44  4:47  Starport Tech Lab  
  44  4:53  Marine  
  44  4:58  SCV  
  44  4:59  Barracks  
  46  5:00  Siege Tank  
  46  5:01  Barracks  
  49  5:11  Refinery, Marine  
  49  5:13  Refinery  
  50  5:24  SCV x2  
  52  5:29  Marine, Supply Depot x3  
  52  5:30  Terran Infantry Weapons Level 1  
  52  5:33  Starport Reactor  
  53  5:54  Marine  
  53  5:55  Marine  
  53  5:56  Marine, Siege Tank  
  59  6:03  Supply Depot  
  59  6:04  Barracks, Supply Depot  
  59  6:05  Barracks  
  59  6:12  Marine  
  59  6:13  Marine  
  50  6:40  Marine x3  
  50  6:43  Siege Tank  
  50  6:44  Medivac x2  
  50  6:45  SCV x2  
  56  6:48  Supply Depot  
  56  6:49  Supply Depot  
  56  6:56  Marine x2  
  56  6:57  Marine  
  59  7:04  SCV, Armory  
  59  7:05  Engineering Bay  
  60  7:22  Command Center  
  59  7:24  Combat Shields  
  59  7:25  Marine x2  
  59  7:26  Siege Tank  
  59  7:28  Marine x2  
  66  7:33  SCV  
  67  7:41  SCV  
  68  7:45  SCV  
  69  7:58  Marine x4  
  72  7:59  Siege Tank  
  72  8:00  Medivac x2  
  81  8:05  SCV x2  
  82  8:16  Missile Turret  
  82  8:29  Marine  
  82  8:30  Marine  
  82  8:31  Siege Tank  
  70  9:08  Marine  
Show
View Real Time Build Order
Export as new Build Order

ggWUTLOL Protoss 

Build Orders:  

Get SALT Encoding   

  12  0:01  Probe (Chrono Boost)  
  13  0:11  Probe (Chrono Boost)  
  14  0:23  Pylon  
  14  0:29  Probe (Chrono Boost)  
  15  0:41  Probe (Chrono Boost)  
  16  0:49  Gateway  
  16  0:51  Probe (Chrono Boost)  
  17  1:01  Assimilator  
  17  1:02  Probe (Chrono Boost)  
  18  1:12  Probe (Chrono Boost)  
  19  1:26  Pylon  
  19  1:30  Pylon  
  19  1:39  Cybernetics Core  
  21  1:40  Zealot  
  21  1:45  Probe (Chrono Boost)  
  22  1:56  Probe (Chrono Boost)  
  23  2:07  Probe (Chrono Boost)  
  24  2:11  Warp Gate  
  24  2:17  Probe (Chrono Boost)  
  24  2:20  Pylon  
  25  2:25  Stalker  
  27  2:35  Nexus  
  28  2:37  Probe (Chrono Boost)  
  28  2:44  Assimilator  
  28  2:57  Probe (Chrono Boost)  
  29  3:04  Gateway x2  
  29  3:12  Probe (Chrono Boost)  
  30  3:25  Forge, Probe (Chrono Boost)  
  31  3:40  Pylon  
  31  3:50  Probe (Chrono Boost)  
  31  3:52  Probe (Chrono Boost)  
  33  3:59  Pylon  
  33  4:00  Photon Cannon  
  33  4:01  Mothership Core (Chrono Boost)  
  36  4:04  Probe (Chrono Boost)  
  36  4:14  Stalker x3  
  41  4:23  Photon Cannon  
  41  4:34  Probe (Chrono Boost)  
  41  4:35  Probe (Chrono Boost)  
  43  4:41  Stalker x2  
  49  4:45  Probe (Chrono Boost)  
  49  4:46  Probe (Chrono Boost)  
  49  5:07  Robotics Facility  
  49  5:12  Probe x2 (Chrono Boost)  
  51  5:19  Assimilator  
  51  5:22  Probe x2 (Chrono Boost)  
  51  5:23  Stalker x2  
  57  5:33  Probe (Chrono Boost)  
  50  5:43  Zealot  
  48  6:02  Stalker x2  
  41  6:22  Zealot  
  41  6:40  Stalker x2  
  43  6:52  Probe x2 (Chrono Boost)  
  45  7:03  Probe (Chrono Boost)  
  46  7:11  Probe (Chrono Boost)  
  46  7:13  Probe (Chrono Boost)  
  48  7:16  Pylon  
  48  7:19  Pylon  
  48  7:20  Observer  
  48  7:21  Pylon  
  49  7:28  Probe (Chrono Boost)  
  49  7:29  Probe (Chrono Boost)  
  51  7:38  Assimilator  
  51  7:39  Protoss Ground Weapons Level 1  
  51  7:42  Stalker x3, Pylon  
  57  7:47  Immortal  
  57  7:49  Pylon  
  61  7:52  Nexus  
  61  7:56  Probe (Chrono Boost)  
  61  7:57  Probe (Chrono Boost)  
  63  7:59  Robotics Bay  
  63  8:08  Probe (Chrono Boost)  
  63  8:10  Probe (Chrono Boost)  
  65  8:15  Zealot x3  
  71  8:24  Pylon  
  71  8:27  Pylon  
  61  9:07  Stalker  
  61  9:08  Stalker x2  
  67  9:15  Gateway  
  67  9:16  Gateway  
  67  9:18  Gateway  
  67  9:26  Twilight Council  
  67  9:36  Stalker x2  
  67  9:37  Stalker  
  73  9:39  Immortal  
  59  10:19  Stalker x3, Immortal  
  67  10:35  Probe (Chrono Boost)  
  67  10:37  Probe (Chrono Boost)  
  67  10:41  Photon Cannon  
  67  10:43  Photon Cannon  
  67  10:45  Photon Cannon, Pylon  
  67  10:47  Pylon  
  67  10:48  Photon Cannon  
  67  10:49  Stalker x3, Probe (Chrono Boost)  
  74  10:50  Pylon  
Show
View Real Time Build Order
Export as new Build Order

Reservkatt Protoss 

Build Orders:  

Get SALT Encoding   

  12  0:18  Pylon  
  12  0:21  Probe (Chrono Boost)  
  13  0:31  Probe (Chrono Boost)  
  14  0:39  Gateway  
  14  0:42  Probe (Chrono Boost)  
  15  0:52  Probe (Chrono Boost)  
  16  0:57  Assimilator  
  16  1:03  Probe (Chrono Boost)  
  17  1:13  Probe (Chrono Boost)  
  18  1:24  Probe (Chrono Boost)  
  19  1:30  Zealot  
  21  1:34  Probe (Chrono Boost)  
  21  1:38  Cybernetics Core  
  22  1:45  Pylon, Probe (Chrono Boost)  
  23  2:01  Warp Gate  
  23  2:03  Zealot, Probe (Chrono Boost)  
  23  2:08  Gateway  
  26  2:11  Assimilator  
  26  2:25  Gateway  
  26  2:31  Forge  
  26  3:01  Nexus  
  26  3:05  Protoss Ground Weapons Level 1  
  26  3:11  Stalker  
  28  3:26  Pylon  
  28  3:39  Probe (Chrono Boost)  
  29  3:51  Photon Cannon, Probe (Chrono Boost)  
  31  4:03  Probe (Chrono Boost)  
  31  4:13  Robotics Facility  
  31  4:15  Robotics Facility  
  31  4:18  Stalker  
  33  4:33  Stalker  
  35  4:47  Probe (Chrono Boost)  
  36  4:57  Probe (Chrono Boost)  
  37  5:06  Stalker  
  37  5:07  Stalker  
  41  5:08  Probe (Chrono Boost)  
  42  5:18  Probe (Chrono Boost)  
  42  5:19  Protoss Shields Level 1  
  43  5:29  Probe (Chrono Boost)  
  43  5:34  Stalker  
  46  5:39  Probe (Chrono Boost)  
  43  5:50  Probe (Chrono Boost)  
  43  5:56  Immortal  
  52  5:57  Immortal  
  52  6:00  Probe (Chrono Boost)  
  52  6:11  Probe (Chrono Boost)  
  48  6:31  Stalker  
  48  6:32  Stalker  
  44  7:18  Immortal x2  
  52  7:27  Probe (Chrono Boost)  
  53  7:32  Assimilator  
  53  7:35  Assimilator  
  53  7:38  Probe (Chrono Boost)  
  54  8:26  Pylon  
  54  8:27  Pylon  
  54  8:30  Pylon  
  54  8:44  Probe (Chrono Boost), Immortal  
  54  8:46  Immortal  
  63  8:55  Probe (Chrono Boost)  
  49  9:05  Probe (Chrono Boost)  
  46  9:12  Stalker x2  
  46  9:13  Stalker  
  46  9:16  Probe (Chrono Boost)  
  53  9:25  Immortal  
  53  9:26  Probe (Chrono Boost), Immortal  
  62  9:55  Stalker  
  62  9:56  Stalker x2  
  68  10:04  Immortal  
  68  10:05  Immortal  
  76  10:57  Pylon  
  76  10:59  Pylon  
  76  11:01  Pylon  
  76  11:02  Pylon  
Show
View Real Time Build Order
Export as new Build Order

Loken Protoss - Winner!

Build Orders:  

Get SALT Encoding   

  12  0:01  Probe (Chrono Boost)  
  13  0:12  Probe (Chrono Boost)  
  14  0:22  Pylon  
  14  0:23  Probe (Chrono Boost)  
  15  0:40  Probe (Chrono Boost)  
  15  0:41  Gateway  
  16  0:52  Probe (Chrono Boost)  
  17  1:03  Probe (Chrono Boost)  
  18  1:05  Assimilator  
  18  1:10  Assimilator  
  18  1:13  Probe (Chrono Boost)  
  19  1:24  Probe (Chrono Boost)  
  20  1:28  Cybernetics Core  
  20  1:37  Gateway  
  20  1:39  Gateway  
  20  1:41  Pylon  
  20  1:49  Probe (Chrono Boost)  
  20  1:50  Warp Gate  
  21  2:00  Probe (Chrono Boost)  
  22  2:15  Stalker  
  24  2:34  Nexus  
  24  2:36  Probe (Chrono Boost)  
  25  2:38  Stalker  
  27  2:49  Pylon  
  27  2:53  Stalker  
  29  3:02  Stalker  
  31  3:10  Stalker  
  33  3:20  Pylon  
  33  3:43  Gateway x2  
  33  3:50  Probe (Chrono Boost)  
  33  3:54  Probe (Chrono Boost)  
  35  4:01  Probe (Chrono Boost)  
  36  4:04  Sentry x2, Probe (Chrono Boost)  
  41  4:11  Probe (Chrono Boost)  
  41  4:15  Probe (Chrono Boost)  
  43  4:22  Probe (Chrono Boost)  
  44  4:25  Probe (Chrono Boost)  
  45  4:36  Probe (Chrono Boost)  
  46  4:40  Probe (Chrono Boost)  
  46  4:42  Pylon  
  47  4:46  Probe (Chrono Boost)  
  47  4:51  Probe (Chrono Boost)  
  49  4:57  Probe (Chrono Boost)  
  49  4:58  Stalker x4  
  58  5:00  Stalker  
  60  5:13  Pylon  
  60  5:18  Probe (Chrono Boost)  
  60  5:19  Probe (Chrono Boost)  
  63  5:28  Probe (Chrono Boost)  
  63  5:30  Probe (Chrono Boost)  
  64  5:39  Probe (Chrono Boost)  
  64  5:40  Probe (Chrono Boost)  
  56  5:49  Probe (Chrono Boost)  
  53  5:51  Stalker x4, Probe (Chrono Boost)  
  53  5:52  Stalker  
  62  6:00  Probe (Chrono Boost)  
  62  6:01  Probe (Chrono Boost)  
  58  6:21  Stalker x4  
  58  6:22  Stalker  
  54  6:48  Gateway  
  54  6:49  Gateway  
  54  6:51  Gateway  
  54  6:53  Stalker  
  54  6:54  Stalker x4  
  56  7:08  Assimilator  
  48  7:12  Assimilator  
  48  7:15  Pylon  
  46  7:16  Stargate  
  46  7:28  Stalker x2  
  50  7:30  Zealot x3  
  56  7:50  Twilight Council  
  56  7:53  Zealot x2  
  56  7:54  Zealot x5  
  70  8:07  Pylon  
  70  8:09  Pylon  
  70  8:11  Pylon  
  70  8:14  Charge  
  69  8:38  Zealot x4  
  69  8:39  Zealot x4  
  47  9:05  Stalker x2  
  47  9:06  Stalker x4  
  47  9:07  Stalker x2  
  63  9:18  Probe (Chrono Boost)  
  64  9:29  Probe (Chrono Boost)  
  65  9:34  Nexus  
  65  9:39  Probe (Chrono Boost)  
  66  9:46  Zealot x3  
  66  9:47  Zealot x3  
  66  9:49  Zealot  
  76  10:14  Sentry x5  
  56  10:15  Sentry  
  56  10:16  Sentry  
  56  10:17  Sentry  
  64  10:42  Stalker x3  
  68  10:43  Stalker x2  
  68  10:44  Stalker x3  
Show
View Real Time Build Order
Export as new Build Order

dallaskuken Protoss - Winner!

Build Orders:  

Get SALT Encoding   

  12  0:01  Probe (Chrono Boost)  
  13  0:12  Probe (Chrono Boost)  
  14  0:22  Pylon  
  14  0:23  Probe (Chrono Boost)  
  15  0:40  Probe (Chrono Boost)  
  16  0:45  Gateway  
  16  0:51  Probe (Chrono Boost)  
  17  1:01  Probe (Chrono Boost)  
  18  1:10  Assimilator  
  18  1:12  Probe (Chrono Boost)  
  18  1:16  Pylon  
  19  1:33  Gateway  
  19  1:34  Cybernetics Core  
  19  1:43  Zealot  
  22  1:55  Probe (Chrono Boost)  
  22  2:00  Warp Gate  
  22  2:03  Assimilator  
  22  2:07  Probe (Chrono Boost)  
  23  2:13  Pylon  
  23  2:17  Stalker  
  23  2:19  Probe (Chrono Boost)  
  27  2:31  Probe (Chrono Boost)  
  27  2:32  Adept  
  29  2:43  Probe (Chrono Boost)  
  30  2:50  Stalker  
  32  2:51  Forge  
  32  2:55  Probe (Chrono Boost)  
  32  2:57  Pylon  
  33  3:02  Stalker  
  35  3:07  Probe (Chrono Boost)  
  35  3:09  Pylon  
  36  3:21  Stalker  
  38  3:32  Photon Cannon  
  38  3:45  Gateway  
  38  3:46  Gateway  
  38  3:53  Stalker  
  40  4:22  Pylon  
  40  4:41  Stalker  
  40  4:42  Stalker x3  
  48  4:50  Robotics Facility  
  48  5:08  Stalker x4  
  56  5:21  Pylon  
  46  5:55  Stalker x3  
  46  5:56  Stalker  
  44  6:33  Stalker x4  
  26  7:13  Immortal  
  30  7:32  Stalker x2  
  30  7:33  Stalker x2  
  38  7:39  Pylon  
  38  7:41  Pylon  
  38  7:52  Immortal  
  42  8:10  Stalker x3  
  44  9:15  Stalker x3  
  44  9:16  Stalker  
  36  10:29  Stalker x4  
  36  10:35  Nexus  
Show
View Real Time Build Order
Export as new Build Order

Myran Protoss - Winner!

Build Orders:  

Get SALT Encoding   

  12  0:01  Probe (Chrono Boost)  
  13  0:12  Probe (Chrono Boost)  
  14  0:25  Probe (Chrono Boost)  
  15  0:30  Pylon  
  15  0:47  Pylon  
  15  0:52  Probe (Chrono Boost)  
  16  1:02  Probe (Chrono Boost)  
  16  1:08  Gateway  
  16  1:13  Pylon  
  16  1:17  Probe (Chrono Boost)  
  16  1:18  Assimilator  
  17  1:28  Probe (Chrono Boost)  
  18  1:34  Forge  
  18  1:39  Probe (Chrono Boost)  
  19  1:54  Nexus  
  19  2:01  Probe (Chrono Boost)  
  20  2:10  Photon Cannon  
  20  2:11  Probe (Chrono Boost)  
  20  2:13  Zealot  
  23  2:21  Pylon  
  23  2:26  Probe (Chrono Boost)  
  24  2:37  Probe (Chrono Boost)  
  24  2:42  Cybernetics Core  
  24  2:43  Zealot  
  27  2:48  Probe (Chrono Boost)  
  29  2:58  Probe (Chrono Boost)  
  29  3:09  Probe (Chrono Boost)  
  30  3:13  Photon Cannon  
  30  3:20  Pylon  
  30  3:21  Probe (Chrono Boost)  
  30  3:23  Probe (Chrono Boost)  
  30  3:25  Warp Gate  
  32  3:40  Stargate  
  32  3:44  Assimilator  
  32  3:45  Probe (Chrono Boost)  
  32  3:47  Probe (Chrono Boost)  
  34  3:49  Assimilator  
  34  3:51  Assimilator  
  34  3:56  Probe (Chrono Boost)  
  34  3:57  Probe (Chrono Boost)  
  34  3:59  Stalker  
  38  4:06  Probe (Chrono Boost)  
  38  4:08  Probe (Chrono Boost)  
  40  4:30  Void Ray  
  44  4:35  Probe (Chrono Boost)  
  45  4:40  Probe (Chrono Boost)  
  46  4:46  Zealot, Probe (Chrono Boost)  
  46  4:51  Probe (Chrono Boost)  
  50  4:56  Probe (Chrono Boost)  
  50  4:57  Pylon  
  51  5:01  Pylon, Probe (Chrono Boost)  
  53  5:07  Probe (Chrono Boost)  
  53  5:09  Void Ray  
  57  5:17  Probe (Chrono Boost)  
  58  5:22  Stargate  
  58  5:29  Protoss Air Weapons Level 1  
  58  5:47  Void Ray  
  62  6:06  Void Ray  
  66  6:13  Photon Cannon  
  66  6:17  Photon Cannon  
  66  6:24  Void Ray  
  66  6:32  Gateway  
  70  6:35  Gateway  
  70  6:49  Void Ray  
  74  7:01  Void Ray  
  74  7:04  Probe (Chrono Boost)  
  74  7:05  Probe (Chrono Boost)  
  77  7:15  Probe (Chrono Boost)  
  73  7:22  Pylon  
  73  7:23  Protoss Air Armor Level 1  
  73  7:25  Pylon  
  73  7:29  Pylon  
  73  7:32  Void Ray  
  77  7:39  Void Ray  
  81  8:14  Void Ray  
  85  8:34  Void Ray  
  89  8:57  Void Ray  
  93  9:12  Void Ray  
  97  9:40  Void Ray  
  101  9:56  Pylon  
  101  10:00  Pylon  
  101  10:06  Pylon  
  101  10:08  Void Ray  
  101  10:12  Fleet Beacon  
  105  10:31  Void Ray  
Tags
 
Add a new tag
Caveats
  • Supply blocks, unpowered buildings, or Contaminate may cause inaccurate times.
  • Supply counts are checked every 10 seconds.